 Dungeon Crawl Stone Soup version 0.30.1-9-gdf580d7c3d (webtiles) character file.

Game seed: 17092108318537925247

80 lonewolfV2 the Trooper (level 4, -5/52 HPs)
             Began as a Human Fighter on Sept 27, 2023.
             Slain by a scorpion (6 damage)
             ... on level 2 of the Dungeon.
             The game lasted 00:02:23 (1625 turns).

lonewolfV2 the Trooper (Human Fighter)              Turns: 1625, Time: 00:02:24

Health: -5/52      AC:  6    Str: 19    XL:     4   Next: 65%
Magic:  4/4        EV:  9    Int:  8    God:
Gold:   102        SH:  4    Dex: 12    Spells: 3/3 levels left

rFire   . . .        a - +0 war axe
rCold   . . .        c - +0 buckler
rNeg    . . .        b - +0 scale mail
rPois   .            (no helmet)
rElec   .            (no cloak)
rCorr   .            (no gloves)
SInv    .            (no boots)
Will    .....        (no amulet) Stlth
                     (no ring)
HPRegen 0.28/turn    (no ring)
MPRegen 0.09/turn

%: no passive effects
@: mighty, berserking, lethally poisoned (-5 -> -13), flying, very quick
A: no striking features
a: no special abilities


You were on level 2 of the Dungeon.
You visited 1 branch of the dungeon, and saw 2 of its levels.

You collected 102 gold pieces.

Inventory:

Hand Weapons
 a - a +0 war axe (weapon)
Armour
 b - a +0 scale mail (worn)
 c - a +0 buckler (worn)
Jewellery
 f - an amulet of faith
Scrolls
 k - a scroll of magic mapping {unknown}
 n - 2 scrolls of identify
Potions
 d - a potion of might
 h - 3 potions of cancellation
 i - a potion of curing {unknown}
 j - a potion of mutation {unknown}
 l - a potion of brilliance {unknown}
 m - a potion of experience {unknown}


   Skills:
 + Level 3.3 Fighting
 + Level 3.2 Axes
 + Level 3.3 Armour
 + Level 1.6 Dodging
 + Level 3.1 Shields


You had 3 spell levels left.
You didn't know any spells.
Your spell library contained the following spells:

 Spells                   Type           Power      Damage    Failure   Level
 Slow                     Hex            0%         N/A       85%         1
 Confusing Touch          Hex            0%         N/A       99%         3
 Vampiric Draining        Necr           0%         2d6       99%         3


Dungeon Overview and Level Annotations

Branches:
Dungeon (2/15)

Altars:
Qazlal

Shops:
D:2 ?==


Message History

There are monsters nearby!
There are monsters nearby!
The scorpion stings you.
You are poisoned.
The scorpion poisons you!
You closely miss the scorpion.
You feel very sick. The scorpion stings you.
You closely miss the scorpion.
You feel sick. The scorpion stings you.
You are more poisoned.
The scorpion poisons you! The scorpion stings you.
You closely miss the scorpion.
You feel very sick.
The scorpion stings you but does no damage.
The scorpion stings you.
You are lethally poisoned!
The scorpion poisons you!
You feel very mighty all of a sudden.
* * * LOW HITPOINT WARNING * * *
You feel very sick. The scorpion closely misses you.
It was a potion of flight.
You feel very buoyant.
You fly up into the air.
* * * LOW HITPOINT WARNING * * *
You feel very sick.
The scorpion stings you but does no damage.
It was a potion of berserk rage.
A red film seems to cover your vision as you go berserk!
You feel yourself moving faster!
You feel mighty!
* * * LOW HITPOINT WARNING * * *
You feel very sick. You block the scorpion's attack.
You are too berserk!
You slash the scorpion!
The scorpion is severely wounded.
* * * LOW HITPOINT WARNING * * *
You feel very sick. The scorpion stings you.
You die...

#.##....####.........##
...........+...∩......
#.##..>.####.........
#.##..#.## .......
#....###.# (....
#####.#.## >w. ##.##
#g# #.# #s# ##.## #@#
##...## #####.##
#..#..###......##
#.###...........#
#..#†.###......###
##...## ##.........
##### #########..


You could see a worm, a scorpion and a hobgoblin.

Vanquished Creatures
  Natasha (D:2)
  2 adders (D:2)
  2 dart slugs
  2 endoplasms (D:1)
  3 giant cockroaches
  4 goblins
  4 hobgoblins
  4 kobolds
  2 quokkas (D:1)
  4 bats
  A frilled lizard (D:1)
  3 rats
32 creatures vanquished.

Notes
Turn   | Place    | Note
-------+----------+-------------------------------------------
     0 | D:1      | lonewolfV2 the Human Fighter began the quest for the Orb.
     0 | D:1      | Reached XP level 1. HP: 18/18 MP: 1/1
   152 | D:1      | Reached XP level 2. HP: 9/24 MP: 2/2
   522 | D:1      | Reached skill level 1 in Dodging
   617 | D:1      | Reached XP level 3. HP: 15/29 MP: 3/3
   788 | D:1      | Found a faded altar of an unknown god.
  1007 | D:2      | Found Boluuf's Magic Scroll Shop.
  1104 | D:2      | Found Untanuke's Jewellery Boutique.
  1146 | D:2      | Found a stormy altar of Qazlal.
  1330 | D:2      | Reached XP level 4. HP: 29/35 MP: 4/4
  1415 | D:2      | Noticed Natasha
  1428 | D:2      | Killed Natasha
  1615 | D:2      | Found Syasuan's Jewellery Shoppe.
  1615 | D:2      | Noticed a scorpion
  1625 | D:2      | HP: 1/52 [poisoned by a scorpion]
  1625 | D:2      | Slain by a scorpion

Illustrated notes

Levels and vault maps discovered:
D:1:      giann_forest_graveyard, layout_loops_ring,
          dilly_ecumenical_altar_fadedgnrine
D:2:      layout_loops_corners, basic_altar, serial_shops,
          nicolae_shop_waterfront, nicolae_shop_real_fake_doors, shop, shop,
          hex_tiny, uniq_natasha

Skill      XL: |  1  2  3 |
---------------+----------+-----
Dodging        | 1 |  1.6
Axes           | 3 |  3.2
Fighting       | |  3.3
Armour         | |  3.3
Shields        | |  3.1

Action                     |  1- 3 |  4- 6 || total
---------------------------+-------+-------++-------
  Melee: War axe           |    98 |    21 ||   119
    Use: Scroll            |     3 |       ||     3
         Potion            |       |     3 ||     3
 Armour: Scale mail        |    50 |     8 ||    58
  Dodge: Dodged            |    51 |    11 ||    62
  Block: Buckler           |    22 |    12 ||    34
